AoeStats
← jphilkill

Black Forest

509851019Analyzed
4v4 RM · 3d ago on Sep 28, 2026· 49m 13s· 8 players
Game mode
Random Map
Map size
Large (8 player)
Population
200
Speed
Normal
Resources
Standard
Victory
Conquest
Starting age
Dark Age
Ending age
Imperial Age
RankedLock teamsTeams togetherTeam positionsShared explorationLock speedFull tech treeHidden civsTurbo modeCheats
Victory
Defeat
🇪🇸 Danes · Spain
1031
+14
1018
+14
🇩🇪 Romans · Germany
1008
+14
🇨🇳 Khmer · China
964
+16
🇺🇦 Goths · Ukraine
997
-16
🇨🇳 Khmer · China
993
-15
🇩🇪 Celts · Germany
964
-14
🇺🇸 Romans · United States
943
-13
boobiwest
0:51 Loom
18:09 Feudal Age
19:59 Wheelbarrow
19:11 Double-Bit Axe
19:35 Horse Collar
19:44 Horse Collar
22:41 Castle Age
24:30 Bow Saw
24:22 Heavy Plow
27:04 Town Watch
29:24 Hand Cart
28:54 Man-at-Arms
31:23 Squires
30:58 Long Swordsman
33:09 Forging
32:59 Scale Mail Armor
33:09 Forging
32:59 Scale Mail Armor
33:48 Gold Mining
33:48 Stone Mining
35:42 Bloodlines
35:33 Husbandry
34:53 Light Cavalry
40:42 Anarchy
42:03 Town Patrol
45:48 Imperial Age
43:57 Iron Casting
43:37 Chain Mail Armor
46:47 Perfusion
47:08 Conscription
46:10 Elite Huskarl
46:12 Two-Handed Swordsman
46:14 Pikeman
47:27 Champion
Anipazronkin
0:32 Loom
20:32 Feudal Age
21:07 Double-Bit Axe
21:29 Horse Collar
23:24 Wheelbarrow
22:35 Town Watch
23:38 Gold Mining
24:16 Stone Mining
34:59 Castle Age
35:58 Hand Cart
36:32 Caravan
42:04 Fletching
45:45 Imperial Age
43:46 Bodkin Arrow
43:52 Padded Archer Armor
44:08 Ballistas
46:26 Heavy Scorpion
47:33 Guilds
jphilkill
1:09 Loom
13:29 Feudal Age
19:30 Castle Age
17:27 Double-Bit Axe
17:36 Stone Mining
17:30 Horse Collar
19:17 Gold Mining
25:36 Scale Mail Armor
25:47 Forging
28:03 Wheelbarrow
39:56 Imperial Age
38:21 Hand Cart
39:48 Chain Mail Armor
40:09 Iron Casting
40:21 Pikeman
44:41 Heavy Plow
45:20 Gold Shaft Mining
45:20 Stone Shaft Mining
45:27 Conscription
44:30 Halberdier
46:00 Fortified Wall
46:51 Chemistry
46:13 Ballistics
48:43 Plate Mail Armor
214547429
6:34 Loom
11:13 Feudal Age
14:12 Castle Age
14:05 Gold Mining
14:03 Double-Bit Axe
14:27 Horse Collar
18:00 Bow Saw
19:58 Wheelbarrow
21:32 Heavy Plow
24:05 Hand Cart
26:53 Town Watch
27:15 Stone Mining
28:01 Gold Shaft Mining
31:24 Imperial Age
29:57 Husbandry
30:29 Loom
30:29 Town Watch
33:07 Stone Mining
33:52 Gold Shaft Mining
33:09 Heavy Scorpion
34:12 Padded Archer Armor
34:03 Fletching
35:39 Double Crossbow
38:08 Bloodlines
37:19 Light Cavalry
38:11 Scale Barding Armor
38:16 Forging
39:24 Elite Battle Elephant
41:24 Chain Barding Armor
41:43 Iron Casting
41:54 Coinage
41:24 Caravan
45:07 Hussar
Hrakiir
0:35 Loom
17:21 Feudal Age
17:55 Horse Collar
23:57 Castle Age
22:02 Double-Bit Axe
25:08 Bow Saw
25:00 Heavy Plow
24:58 Gold Mining
26:40 Wheelbarrow
39:58 Imperial Age
38:12 Ballistics
40:27 Hand Cart
40:19 Heavy Scorpion
41:12 Siege Engineers
42:07 Chemistry
42:43 Conscription
Plundr dobrej koláč
6:10 Double-Bit Axe
10:47 Feudal Age
9:07 Loom
11:50 Man-at-Arms
21:33 Castle Age
20:10 Wheelbarrow
22:52 Forging
22:49 Scale Barding Armor
27:38 Bow Saw
30:32 Horse Collar
32:37 Burgundian Vineyards
36:13 Imperial Age
34:39 Husbandry
34:00 Light Cavalry
34:01 Cavalier
36:08 Iron Casting
35:55 Chain Barding Armor
37:44 Conscription
36:59 Hussar
38:21 Hand Cart
37:48 Paladin
42:18 Heavy Plow
43:22 Blast Furnace
42:58 Plate Barding Armor
CTM | sergiobcn
11:42 Feudal Age
11:49 Loom
14:29 Double-Bit Axe
16:52 Horse Collar
19:20 Castle Age
18:23 Stone Mining
20:35 Bow Saw
20:39 Town Watch
21:30 Wheelbarrow
21:02 Gold Mining
22:02 Heavy Plow
25:30 Gold Shaft Mining
28:58 Hand Cart
32:02 Imperial Age
32:08 Imperial Age
29:49 Scale Mail Armor
31:08 Stone Shaft Mining
30:52 Chain Mail Armor
30:52 Squires
31:57 Forging
31:17 Hamask
32:30 Arson
34:30 Ballistics
33:39 Elite Varangian Guard
35:24 Plate Mail Armor
34:37 Pikeman
36:19 Iron Casting
36:23 Fletching
37:12 Conscription
37:30 Hoardings
37:24 Onager
38:25 Bodkin Arrow
39:04 Siege Onager
41:31 Blast Furnace
40:06 Halberdier
42:27 Fervor
42:50 Siege Engineers
43:46 Chemistry
43:32 Caravan
44:03 Coinage
44:40 Northmen's Fury
45:43 Murder Holes
45:59 Masonry
46:41 Scale Barding Armor
46:37 Bracer
46:11 Elite Jomsviking
47:24 Banking
47:48 Heavy Scorpion
電動遊戯
0:37 Loom
15:57 Feudal Age
21:51 Castle Age
20:08 Double-Bit Axe
20:29 Horse Collar
25:29 Bow Saw
30:33 Stone Mining
35:01 Stone Shaft Mining
35:54 Fortified Wall
36:05 Ballistics
37:32 Wheelbarrow
37:26 Murder Holes
37:42 Masonry
37:54 Caravan
38:22 Scale Barding Armor
38:07 Fletching
38:43 Heavy Plow
39:24 Hand Cart
39:57 Bloodlines
39:47 Husbandry
40:30 Fletching
41:00 Chain Barding Armor
44:02 Imperial Age
42:13 Bodkin Arrow
42:05 Town Watch
42:03 Light Cavalry
45:07 Conscription
44:47 Double Crossbow
45:29 Crop Rotation
45:50 Siege Engineers
46:18 Elite Ballista Elephant
47:57 Capped Ram
48:54 Siege Ram
Connection lost

Rejoining the realm…

Still unreachable

The connection could not be restored.

Session expired

The server has moved on; the page needs a fresh start.